 Dungeon Crawl Stone Soup version 0.27.1-33-g824d729ab1 (webtiles) character file.

Game seed: 403097639851548946

1540 Destapler the Covered (level 8, 0/109 HPs)
             Began as a Minotaur Fighter on Dec 6, 2021.
             Was a Priest of Trog.
             Slain by a yak (3 damage)
             ... on level 5 of the Dungeon.
             The game lasted 00:05:51 (4650 turns).

Destapler the Covered (Minotaur Fighter)            Turns: 4650, Time: 00:05:51

Health: 0/109      AC:  8    Str: 23    XL:     8   Next: 56%
Magic:  7/7        EV:  8    Int:  5    God:    Trog [***...]
Gold:   238        SH: 12    Dex: 16    Spells: 7/7 levels left

rFire    . . .     SeeInvis .   j - +4 short sword
rCold    . . .     Faith    .   c - +1 kite shield
rNeg     + . .     Spirit   .   b - +0 scale mail
rPois    .         Reflect  .   (helmet restricted)
rElec    .         Harm     .   (no cloak)
rCorr    .         Rampage  .   (no gloves)
Will     .....                  (no boots)
Stlth    ..........             (no amulet)
HPRegen  0.28/turn              k - +6 ring of dexterity
MPRegen  0.10/turn              p - ring of positive energy

@: berserking, very quick
A: horns 2, retaliatory headbutt
a: Renounce Religion, Berserk, Trog's Hand


You were on level 5 of the Dungeon.
You worshipped Trog.
Trog was most pleased with you.
You visited 1 branch of the dungeon, and saw 5 of its levels.

You collected 238 gold pieces.

Inventory:

Hand Weapons
 a - a +0 war axe
 j - a +4 short sword (weapon)
Missiles
 h - 12 poisoned darts (quivered)
 n - a throwing net
Armour
 b - a +0 scale mail (worn)
 c - a +1 kite shield (worn)
Jewellery
 k - a +6 ring of dexterity (left hand)
 p - a ring of positive energy (right hand)
Wands
 o - a wand of polymorph (7)
Scrolls
 e - 3 scrolls of teleportation
 f - a scroll of identify
 g - 2 scrolls of blinking
 m - a scroll of enchant armour
Potions
 d - a potion of might
 i - 2 potions of curing
 l - a potion of attraction {unknown}


   Skills:
 + Level 7.4 Fighting
 + Level 6.8 Axes
 + Level 7.4 Armour
 + Level 7.3 Shields


You had 7 spell levels left.
You didn't know any spells.
Your spell library was empty.

Dungeon Overview and Level Annotations

Branches:
Dungeon (5/15)
 Temple: D:4-7

Altars:
Cheibriados
Nemelex Xobeh
Trog
The Shining One

Shops:
D:1 =   D:2 *


Innate Abilities, Weirdness & Mutations

You have a pair of horns on your head.
You reflexively headbutt those who attack you in melee.


Message History

You puncture the yak!
The yak is moderately wounded.
You block the yak's attack. The yak closely misses you. The yak gores you.
You puncture the yak!
The yak is heavily wounded.
You block the yak's attack. The yak gores you! x2
You closely miss the yak.
The yak is heavily wounded.
The scorpion zombie hits you but does no damage.
You puncture the yak!
The yak is almost dead.
You block the yak's attack. The yak gores you!
* * * LOW HITPOINT WARNING * * *
The yak closely misses you. The scorpion zombie hits you.
* * * LOW HITPOINT WARNING * * *
You hit the yak.
You feel the power of Trog in you as your rage grows.
You kill the yak!
Trog accepts your kill. The yak gores you!
* * * LOW HITPOINT WARNING * * *
The yak gores you!
* * * LOW HITPOINT WARNING * * *
You puncture the scorpion zombie!
Your headbutt misses the scorpion zombie.
The scorpion zombie is heavily damaged.
You block the scorpion zombie's attack. The yak gores you!
* * * LOW HITPOINT WARNING * * *
You block the yak's attack.
You completely miss the scorpion zombie.
You headbutt the scorpion zombie!
The scorpion zombie is almost destroyed.
You block the scorpion zombie's attack. The yak gores you.
* * * LOW HITPOINT WARNING * * *
You block the yak's attack.
You puncture the scorpion zombie!
You destroy the scorpion zombie!
Trog accepts your kill. The yak gores you.
You die...

.[.#.......(..#####.######.
...#†.........# #.##
...#..........# ##..#####.##
...#..........# ##...........
..............###..≈≈≈≈.≈≈≈≈≈
..........>........≈≈≈≈.≈≈≈≈≈
........##########.≈≈≈≈.≈≈≈≈≈
............[#####.≈≈≈≈.≈≈≈≈≈
...............O@..≈≈≈≈......
...............YY........≈≈≈≈
...................≈≈≈≈≈.≈≈≈≈
...................≈≈≈≈≈.≈
....... ..(.......≈≈≈≈≈.≈
..........≈≈≈≈≈.≈
..#..............
..#############.


You could see 2 yaks and an ogre.

Vanquished Creatures
  A yak (D:5)
  A black bear (D:4)
  An ice beast (D:5)
  4 necrophages
  2 ogres
  2 phantoms (D:4)
  Blork the orc (D:4)
  A scorpion (D:4)
  A water moccasin zombie (D:5)
  A centaur zombie (D:5)
  A hound (D:4)
  2 orc priests (D:4)
  An orc wizard (D:4)
  A scorpion zombie (D:5)
  2 iguanas (D:5)
  A howler monkey zombie (D:5)
  4 adders
  A white imp (D:5)
  An ufetubus (D:4)
  2 worms
  2 dart slugs
  16 orcs
  10 ball pythons
  2 bats
  9 endoplasms
  A giant cockroach (D:4)
  6 goblins
  7 hobgoblins
  8 jackals (D:4)
  4 kobolds
  2 quokkas
  3 frilled lizards
  7 rats
108 creatures vanquished.

Vanquished Creatures (others)
  2 plants (D:3)
2 creatures vanquished.

Grand Total: 110 creatures vanquished

Notes
Turn   | Place    | Note
-------+----------+-------------------------------------------
     0 | D:1      | Destapler the Minotaur Fighter began the quest for the Orb.
     0 | D:1      | Reached XP level 1. HP: 19/19 MP: 0/0
   219 | D:1      | Reached XP level 2. HP: 27/27 MP: 1/1
   636 | D:1      | Found Roacicus's Jewellery Boutique.
   678 | D:1      | Found a faded altar of an unknown god.
   719 | D:1      | Became a worshipper of Trog the Wrathful
   719 | D:1      | Reached * piety under Trog
   956 | D:2      | Reached XP level 3. HP: 26/33 MP: 2/2
  1276 | D:2      | Found Fyub's General Store.
  2004 | D:3      | Reached XP level 4. HP: 28/40 MP: 3/3
  2573 | D:3      | Found a sparkling altar of Nemelex Xobeh.
  2721 | D:4      | Noticed Blork the orc
  2737 | D:4      | Killed Blork the orc
  2738 | D:4      | Reached XP level 5. HP: 47/47 MP: 4/4
  2859 | D:4      | Reached ** piety under Trog
  2861 | D:4      | Noticed a black bear
  2866 | D:4      | Killed a black bear
  2867 | D:4      | Reached skill level 5 in Fighting
  2867 | D:4      | Reached skill level 5 in Armour
  2867 | D:4      | Reached skill level 5 in Shields
  3046 | D:4      | Reached XP level 6. HP: 53/56 MP: 5/5
  3077 | D:4      | Found a snail-covered altar of Cheibriados.
  3311 | D:4      | Reached XP level 7. HP: 60/62 MP: 6/6
  3313 | D:4      | Reached skill level 5 in Axes
  3785 | D:4      | Reached *** piety under Trog
  4081 | D:5      | Entered Level 5 of the Dungeon
  4306 | D:5      | Reached XP level 8. HP: 71/71 MP: 7/7
  4406 | D:5      | Found a glowing golden altar of the Shining One.
  4649 | D:5      | HP: 2/109 [yak (5)]
  4650 | D:5      | Slain by a yak

Illustrated notes

Levels and vault maps discovered:
D:1:      minmay_arrival_jagged, layout_loops_ring, serial_shops,
          nicolae_shop_trees, hellmonk_ecumenical_altar_arch_garden
D:2:      layout_loops_ring, serial_shops, shop_fountains
D:3:      layout_loops_ring, mainiacjoe_overflow_alcove_4
D:4:      layout_gridville, mainiacjoe_overflow_six_doors_small,
          uniq_blork_the_orc
D:5:      layout_basic, tso_metal_star, minmay_misc_feat_nine_boxes,
          minivault_14, uniq_crazy_yiuf_cottage

Skill      XL: |  1  2  3  4  5  6  7  8 |
---------------+-------------------------+-----
Armour         | 4 5 6 7 |  7.4
Fighting       | 4 5 6 7 |  7.4
Shields        | 4 5 6 7 |  7.3
Axes           | 3 4 6 |  6.8

Action                   |  1- 3 |  4- 6 |  7- 9 || total
-------------------------+-------+-------+-------++-------
Melee: War axe           |    82 |       |       ||    82
       Headbutt          |    15 |    14 |    31 ||    60
       Short sword       |    28 |    74 |   104 ||   206
Invok: Berserk           |       |     1 |     2 ||     3
  Use: Potion            |     3 |       |       ||     3
       Scroll            |       |       |     5 ||     5
Armor: Scale mail        |    45 |    25 |    31 ||   101
Dodge: Dodged            |    28 |    23 |    32 ||    83
Block: Kite shield       |    60 |    39 |    73 ||   172
